 Dungeon Crawl Stone Soup version 0.18-a0-1539-g1c7284a (webtiles) character file.

409 Ijustatesigmund the Insei (level 6, 0/44 HPs)
             Began as an Octopode Transmuter on Mar 9, 2016.
             Slain by a hungry ghost (3 damage)
             ... on level 3 of the Dungeon.
             The game lasted 00:10:08 (3639 turns).

Ijustatesigmund the Insei (Octopode Transmuter)     Turns: 3639, Time: 00:10:08

Health: 0/44       AC:  1    Str:  9    XL:     6   Next: 89%
Magic:  4/9        EV: 12    Int: 18    God:
Gold:   148        SH:  0    Dex: 12    Spells: 3 memorised, 3 levels left

rFire  . . .     SeeInvis .       - Unarmed
rCold  . . .     Gourm    .     (no shield)
rNeg   . . .     Faith    .     (helmet restricted)
rPois  .         Spirit   .     (no amulet)
rElec  .         Dismiss  .     f - ring of wizardry
rCorr  .         Reflect  .     (no ring)
SustAt .         Harm     .     (no ring)
MR     .....                    (no ring)
Stlth  +++.......               (no ring)
                                (no ring)
                                (no ring)
                                (no ring)

@: not resistant to hostile enchantments, fairly stealthy
A: almost no armour, amphibious, 8 rings, constrict 8, camouflage 1, gelatinous
body 1
a: no special abilities


You were on level 3 of the Dungeon.
You were not hungry.

You visited 1 branch of the dungeon, and saw 3 of its levels.

You collected 148 gold pieces.

Inventory:

Missiles
 a - 72 arrows
Armour
 e - a +0 shield
Jewellery
 f - a ring of wizardry (left tentacle)
Scrolls
 h - 2 scrolls of identify
Potions
 g - 3 potions of lignification
Books
 b - a book of Changes

   Spells                             Type                      Level
   a - Beastly Appendage              Transmutation                1
   b - Sticks to Snakes               Transmutation                2
   c - Spider Form                    Transmutation/Poison         3
   d - Ice Form                       Ice/Transmutation            4
   e - Blade Hands                    Transmutation                5
 l - a book of Unlife

   Spells                             Type                      Level
   a - Recall                         Summoning/Translocation      3
   b - Animate Dead                   Necromancy                   4
   c - Control Undead                 Necromancy                   4
   d - Cigotuvi's Embrace             Necromancy                   5
   e - Death Channel                  Necromancy                   6
   f - Simulacrum                     Ice/Necromancy               6
Comestibles
 c - 3 bread rations


   Skills:
 + Level 4.4 Fighting
 + Level 2.2 Dodging
 + Level 1.5 Stealth
 + Level 5.0 Unarmed Combat
 - Level 2.0 Spellcasting
 - Level 2.0 Transmutations
 - Level 3.0 Poison Magic


You had 3 spell levels left.
You knew the following spells:

 Your Spells              Type           Power        Failure   Level  Hunger
a - Beastly Appendage     Trmt           #.....       4%          1    #......
b - Sticks to Snakes      Trmt           #.......     4%          2    ###....
c - Spider Form           Trmt/Pois      ##........   9%          3    ###....


Dungeon Overview and Level Annotations

Branches:
Dungeon (3/15)

Altars:
Ashenzari
Fedhas
Nemelex Xobeh
Pakellas


Innate Abilities, Weirdness & Mutations

You cannot wear most types of armour.
You are amphibious.
You can wear up to eight rings at the same time.
You can use your tentacles to constrict eight enemies at once.
Your skin changes colour to match your surroundings (Stealth).
Your rubbery body absorbs attacks (AC +1).


Message History

You create a snake!
You now have 72 arrows.
The hungry ghost hits you.
* * * LOW HITPOINT WARNING * * *
You are starving!
You swap places.
The hungry ghost closely misses your ball python.
Your ball python closely misses the hungry ghost.
Something hits your ball python.
Your ball python closely misses something.
Your tentacle spike disappears.
Your ball python closely misses something.
Something hits your ball python.
Your ball python dies!
You don't have the energy to cast that spell.
Eat which item? (? for menu, Esc to quit)
You continue eating. x2
You finish eating.
That bread ration really hit the spot!
You closely miss the hungry ghost.
The hungry ghost is lightly damaged.
The hungry ghost hits you.
You die...

#######....).#
#....##.####.##
#.)..††.......#
#...)##.####..#
#..).##.####..#
#....##.......#
#....##.......#
#....##W####..###
#.....g.###@#
#.....# #.......#
#.####.####
#.......#
#......#
#W.S....#
########
.........#
.....###### .....


You could see a hungry ghost.

Vanquished Creatures
  Sigmund (D:3)
  A hound (D:3)
  Ijyb (D:3)
  Terence (D:3)
  3 adders
  4 gnolls (D:3)
  An ooze (D:3)
  4 worms
  2 dart slugs
  2 giant geckos (D:3)
  An orc (D:3)
  A ball python (D:2)
  8 bats
  2 giant cockroaches (D:1)
  11 goblins
  8 hobgoblins
  3 jackals (D:2)
  8 giant newts
  8 kobolds
  9 rats
79 creatures vanquished.

Vanquished Creatures (collateral kills)
  An orc wizard (D:3)
  An adder (D:3)
2 creatures vanquished.

Grand Total: 81 creatures vanquished

Notes
Turn   | Place    | Note
--------------------------------------------------------------
     0 | D:1      | Ijustatesigmund the Octopode Transmuter began the quest for the Orb.
     0 | D:1      | Reached XP level 1. HP: 13/13 MP: 3/3
   107 | D:1      | Reached XP level 2. HP: 9/19 MP: 3/5
   273 | D:1      | Found a shattered altar of Ashenzari.
   561 | D:1      | Learned a level 2 spell: Sticks to Snakes
   759 | D:1      | Reached XP level 3. HP: 20/24 MP: 6/6
   765 | D:1      | Learned a level 3 spell: Spider Form
  1178 | D:2      | Found an oddly glowing altar of Pakellas.
  1426 | D:2      | Reached XP level 4. HP: 23/31 MP: 5/7
  2504 | D:3      | Reached skill level 1 in Poison Magic
  2506 | D:3      | Found a sparkling altar of Nemelex Xobeh.
  2539 | D:3      | Found a blossoming altar of Fedhas.
  2635 | D:3      | Noticed Terence
  2660 | D:3      | Killed Terence
  2660 | D:3      | Reached skill level 4 in Unarmed Combat
  2660 | D:3      | Reached XP level 5. HP: 26/36 MP: 2/8
  2864 | D:3      | Noticed Sigmund
  3311 | D:3      | Killed Sigmund
  3311 | D:3      | Reached XP level 6. HP: 23/43 MP: 5/9
  3587 | D:3      | Noticed a hungry ghost
  3602 | D:3      | Reached skill level 1 in Stealth
  3603 | D:3      | Noticed Ijyb
  3618 | D:3      | Killed Ijyb
  3618 | D:3      | Reached skill level 5 in Unarmed Combat
  3629 | D:3      | HP: 1/44 [hungry ghost (5)]
  3639 | D:3      | Slain by a hungry ghost

Vault maps used:
D:1:      ncdulo_smallfort, nicolae_ashenzari_panopticon
D:2:      grunt_pakellas_sulfur
D:3:      nemelex_xobeh_ov_fountains_minmay, fedhas_altar_2, demons_altar,
          first_bread, uniq_iyjb, uniq_terence, uniq_sigmund

Skill      XL: |  1  2  3  4  5  6 |
---------------+-------------------+-----
Fighting       | 2 3 4 |  4.4
Poison Magic   | 1 3 |  3.0
Unarmed Combat | 4 5 |  5.0
Stealth        | 1 |  1.5
Dodging        | |  2.2
Spellcasting   | |  2.0
Transmutations | |  2.0

Action                   |  1- 3 |  4- 6 || total
-------------------------+-------+-------++-------
Melee: Unarmed           |    80 |   108 ||   188
 Cast: Beastly Appendage |     6 |    13 ||    19
       Sticks to Snakes  |       |    11 ||    11
  Use: Scroll            |     6 |     2 ||     8
       Potion            |       |     2 ||     2
 Stab: Sleeping          |     5 |     7 ||    12
       Distracted        |     1 |       ||     1
  Eat: Chunk             |     2 |     7 ||     9
       Meat ration       |       |     1 ||     1
       Bread ration      |       |     1 ||     1
